 Dungeon Crawl Stone Soup version 0.27-a0-650-g8dd3ea4f36 (webtiles) character file.

Game seed: 8676130181842118834

49 wakim the Insei (level 3, -2/23 HPs)
             Began as an Octopode Transmuter on Mar 15, 2021.
             Slain by an adder (4 damage)
             ... on level 2 of the Dungeon.
             The game lasted 00:02:02 (1454 turns).

wakim the Insei (Octopode Transmuter)               Turns: 1454, Time: 00:02:03

Health: -2/23      AC:  1    Str:  9    XL:     3   Next: 75%
Magic:  6/6        EV: 14    Int: 15    God:
Gold:   45         SH:  0    Dex: 15    Spells: 5/6 levels left

rFire    . . .     SeeInvis .     - Unarmed
rCold    . . .     Faith    .   (no shield)
rNeg     + . .     Spirit   .   (helmet restricted)
rPois    .         Reflect  .   d - amulet of the acrobat
rElec    .         Harm     .   b - ring of positive energy
rCorr    +         Rampage  .   g - ring of resist corrosion
Will     .....                  (no ring)
Stlth    ++........             (no ring)
HPRegen  0.07/turn              (no ring)
MPRegen  0.10/turn              (no ring)
                                (no ring)
                                (no ring)

@: lethally poisoned (-2 -> -19)
A: almost no armour, amphibious, 8 rings, camouflage 1, gelatinous body 1,
nimble swimmer 1, tentacles, antennae 1, agile 1, wild magic 1
a: no special abilities


You were on level 2 of the Dungeon.
You visited 1 branch of the dungeon, and saw 2 of its levels.

You collected 45 gold pieces.

Inventory:

Missiles
 c - 23 poisoned darts
Jewellery
 b - a ring of positive energy (left tentacle)
 d - an amulet of the acrobat (around mantle)
 g - a ring of resist corrosion (right tentacle)
 i - an amulet of reflection
Scrolls
 h - a scroll of teleportation {unknown}
Potions
 e - a potion of curing {unknown}
 f - a potion of cancellation {unknown}
 U - a potion of mutation


   Skills:
 - Level 1.0 Fighting
 * Level 3.1 Dodging
 * Level 3.8 Unarmed Combat
 - Level 2.0 Spellcasting
 - Level 2.0 Transmutations


You had 5 spell levels left.
You knew the following spells:

 Your Spells              Type           Power      Damage    Failure   Level
a - Beastly Appendage     Tmut           18%        N/A       14%         1

Your spell library contained the following spells:

 Spells                   Type           Power      Damage    Failure   Level
 Wereblood                Tmut           9%         N/A       21%         2
 Spider Form              Tmut/Pois      2%         N/A       50%         3
 Ice Form                 Ice/Tmut       5%         N/A       87%         4
 Blade Hands              Tmut           4%         N/A       97%         5


Dungeon Overview and Level Annotations

Branches:
Dungeon (2/15)

Altars:


Innate Abilities, Weirdness & Mutations

You cannot wear most types of armour.
You are amphibious.
You can wear up to eight rings at the same time.
Your skin changes colour to match your surroundings (Stealth+).
Your rubbery body absorbs attacks. (AC +1, EV +1)
You are stealthy while swimming. (Stealth+)
You have tentacles for arms and can constrict up to eight enemies at once.
You have a pair of small antennae on your head.
You are agile. (Dex +2)
Your spells are a little harder to cast, but a little more powerful.


Message History

You tentacle-slap the jackal. You grab the jackal.
The jackal is moderately wounded.
You constrict the jackal. You tentacle-slap the jackal.
You kill the jackal!
You closely miss the adder. You grab the adder. You squeeze the adder!
The adder is severely wounded.
You constrict the adder. The adder bites you.
You are poisoned.
The adder poisons you! The adder bites you.
You are more poisoned.
The adder poisons you!
You tentacle-slap the adder.
The adder is almost dead.
You constrict the adder.
You kill the adder!
The adder bites you.
* * * LOW HITPOINT WARNING * * *
You are lethally poisoned!
The adder poisons you!
You tentacle-slap the adder. Your grab misses the adder.
The adder is heavily wounded.
* * * LOW HITPOINT WARNING * * *
The adder bites you.
* * * LOW HITPOINT WARNING * * *
You closely miss the adder. Your grab misses the adder.
Your squeeze misses the adder.
The adder is heavily wounded.
* * * LOW HITPOINT WARNING * * *
The adder bites you.
* * * LOW HITPOINT WARNING * * *
You are more poisoned.
The adder poisons you!
It was a potion of mutation.
You feel extremely strange. A pair of antennae grows on your head!
You feel agile.
You feel less in control of your magic.
U - a potion of mutation
* * * LOW HITPOINT WARNING * * *
The adder bites you.
You die...

........##..#######'##
..........##..##.......#
..........##..##.......#
.......#>....>##.......##
.......##.###.#######†...
....... #.#..........####
....... #.#.#............
.......##S#.########.####
.......†@†#.# #.# #
.......####.# #.####
####### #.# #.....
#†#############
#.....)........
###############


You could see an adder.

Vanquished Creatures
  An adder (D:2)
  3 dart slugs
  5 bats
  5 goblins
  A hobgoblin (D:2)
  7 jackals (D:2)
  2 frilled lizards (D:1)
  4 kobolds (D:1)
  4 rats (D:1)
32 creatures vanquished.

Notes
Turn   | Place    | Note
-------+----------+-------------------------------------------
     0 | D:1      | wakim the Octopode Transmuter began the quest for the Orb.
     0 | D:1      | Reached XP level 1. HP: 13/13 MP: 3/3
   215 | D:1      | Reached XP level 2. HP: 15/18 MP: 5/5
  1130 | D:2      | Reached XP level 3. HP: 23/23 MP: 6/6
  1454 | D:2      | Gained mutation: You have a pair of small antennae on your
                  | head. [potion of mutation]
  1454 | D:2      | Gained mutation: You are agile. (Dex +2) [potion of
                  | mutation]
  1454 | D:2      | Gained mutation: Your spells are a little harder to cast,
                  | but a little more powerful. [potion of mutation]
  1454 | D:2      | Slain by an adder

Illustrated notes

Levels and vault maps discovered:
D:1:      nzn_arrival_depleted_hourglass, layout_basic,
          minmay_misc_feat_columns, minmay_tree_intersection
D:2:      layout_basic, chequers_ecumenical_altar_simple_redux,
          nicolae_qazlal_general_emergency

Skill      XL: |  1  2  3 |
---------------+----------+-----
Dodging        | 3 |  3.1
Fighting       | |  1.0
Unarmed Combat | |  3.8
Spellcasting   | |  2.0
Transmutations | |  2.0

Action                   || total
-------------------------++-------
Melee: Unarmed           ||    94
       Constrict         ||    27
       Tentacles         ||     9
  Use: Potion            ||     1
 Stab: Sleeping          ||     3
Armor: Skin              ||    11
Dodge: Dodged            ||    88

Table legend: (Time is in decaauts)
 A = Elapsed time spent in this place.
 B = Non-inter-level travel time spent in this place.
 C = Inter-level travel time spent in this place.
 D = Time resting spent in this place.
 E = Time spent auto-exploring this place.
 F = Levels seen in this place.
 G = Mean time per level.
                   A        B        C        D        E       F      G
               +--------+--------+--------+--------+--------+-----+--------+
         Total |   1446 |   1426 |     20 |      0 |   1214 |   2 |  723.0 |
       Dungeon |   1446 |   1426 |     20 |      0 |   1214 |   2 |  723.0 |
               +--------+--------+--------+--------+--------+-----+--------+

Top non-repeatable levels by time:
     D:1: 964 daAuts
     D:2: 481 daAuts
